 Dungeon Crawl Stone Soup version 0.28.0 (webtiles) character file.

Game seed: 7834481493558737309

358 issech the Cudgeller (level 6, -2/61 HPs)
             Began as a Troll Monk on Feb 9, 2022.
             Slain by Edmund (8 damage)
             ... on level 4 of the Dungeon.
             The game lasted 00:10:47 (2752 turns).

issech the Cudgeller (Troll Monk)                   Turns: 2752, Time: 00:10:48

Health: -2/61      AC:  2    Str: 20    XL:     6   Next: 37%
Magic:  5/5        EV: 11    Int:  6    God:
Gold:   185        SH:  0    Dex: 14    Spells: 5/5 levels left

rFire   . . .      SeeInvis .   a - +0 mace
rCold   . . .      Faith    .   (no shield)
rNeg    . . .      Spirit   .   (armour restricted)
rPois   .          Reflect  .   (helmet restricted)
rElec   .          Harm     .   (no cloak)
rCorr   +          Rampage  .   (gloves unavailable)
Will    .....                   (boots unavailable)
Stlth   ++........              k - amulet of regeneration
HPRegen 1.80/turn               n - ring of resist corrosion
MPRegen 0.09/turn               (no ring)

@: no status effects
A: large, unfitting armour, claws 3, regeneration 1, shaggy fur 1, tough skin 1
a: no special abilities


You were on level 4 of the Dungeon.
You visited 1 branch of the dungeon, and saw 4 of its levels.

You collected 185 gold pieces.

Inventory:

Hand Weapons
 a - a +0 mace (weapon)
 h - a +0 halberd
Missiles
 c - 3 boomerangs (quivered)
 e - 61 stones
 g - 24 arrows
 p - 4 datura-tipped darts
 q - 15 sling bullets
 t - 6 poisoned darts
Armour
 b - a +0 robe
 j - a +2 animal skin
 m - an orb of guile
Magical Staves
 d - a staff of death
Jewellery
 k - an amulet of regeneration (around neck)
 n - a ring of resist corrosion (left claw)
Wands
 u - a wand of flame (12)
Scrolls
 f - a scroll of vulnerability {unknown}
 i - a scroll of noise {unknown}
 l - a scroll of brand weapon {unknown}
 s - 2 scrolls of identify {unknown}
 v - a scroll of fear {unknown}
 w - a scroll of magic mapping {unknown}
Potions
 o - a potion of lignification {unknown}
 r - a potion of berserk rage {unknown}
 x - 2 potions of mutation {unknown}


   Skills:
 + Level 3.5 Fighting
 + Level 5.0 Maces & Flails
 + Level 3.6 Dodging
 + Level 1.1 Stealth


You had 5 spell levels left.
You didn't know any spells.
Your spell library contained the following spells:

 Spells                   Type           Power      Damage    Failure   Level
 Shock                    Conj/Air       0%         1d3       45%         1
 Swiftness                Air            0%         N/A       83%         3
 Airstrike                Air            0%         N/A       99%         4


Dungeon Overview and Level Annotations

Branches:
Dungeon (4/15)
 Temple: D:4-7

Altars:
Dithmenos
Nemelex Xobeh
Sif Muna

Annotations:
D:4 Edmund


Innate Abilities, Weirdness & Mutations

You are too large for most types of armour.
You have claws for hands.
Your natural rate of healing is unusually fast.
You are covered in fur. (AC +1)
You have tough skin. (AC +1)


Message History

You hit Edmund.
Edmund is moderately wounded.
Edmund completely misses you. The goblin closely misses you.
You hit Edmund but do no damage.
Edmund is moderately wounded.
Edmund hits you with a +4 flail of holy wrath.
The goblin barely misses you.
You barely miss Edmund.
Edmund is moderately wounded.
Edmund closely misses you. The goblin hits you with a +0 dagger.
Edmund hits you with a +4 flail of holy wrath!
You hit Edmund. Your claw misses Edmund.
Edmund is moderately wounded.
The goblin closely misses you.
Edmund hits you with a +4 flail of holy wrath.
You hit Edmund.
Edmund is heavily wounded.
The goblin hits you with a +0 dagger. Edmund misses you.
The goblin hits you but does no damage.
You hit Edmund.
Edmund is heavily wounded.
Edmund hits you with a +4 flail of holy wrath!
* * * LOW HITPOINT WARNING * * *
The goblin hits you with a +0 dagger.
* * * LOW HITPOINT WARNING * * *
You hit Edmund but do no damage.
Edmund is heavily wounded.
Edmund hits you with a +4 flail of holy wrath.
* * * LOW HITPOINT WARNING * * *
The goblin barely misses you.
You hit Edmund.
Edmund is heavily wounded.
Edmund hits you with a +4 flail of holy wrath!
* * * LOW HITPOINT WARNING * * *
The goblin hits you with a +0 dagger.
* * * LOW HITPOINT WARNING * * *
You hit Edmund but do no damage.
Edmund is heavily wounded.
Edmund hits you with a +4 flail of holy wrath!
You die...

#.... .. #... ... #... .... ..#
#... ..#>.....# .. #.#...
#......#.# .# #.#.#
#####..#...#.#..#
#...####..........#.#..#
#####.#...$g.##.#.....#....#
...#..........@@...........##.#
......>...##...####..##........##
....#####..#.#.# ##..##.#....#...
... ##.#.#@###..###........## .
#@#.#...g@.........)....
#.#.#####.#.............
#.......................
#...#####.#####.........
####.#####g#####........<


You could see Edmund and a goblin.

Vanquished Creatures
  Terence (D:3)
  An iguana (D:4)
  Natasha (thrice) (D:3)
  Robin (D:2)
  4 gnolls
  A howler monkey skeleton (D:3)
  7 adders (D:3)
  2 river rats (D:3)
  4 worms
  4 dart slugs
  An orc (D:3)
  2 endoplasms
  6 giant cockroaches
  12 goblins
  6 hobgoblins
  6 ball pythons
  5 bats
  10 frilled lizards
  4 kobolds
  7 rats
87 creatures vanquished.

Vanquished Creatures (others)
  3 plants (D:2)
3 creatures vanquished.

Grand Total: 90 creatures vanquished

Notes
Turn   | Place    | Note
-------+----------+-------------------------------------------
     0 | D:1      | issech the Troll Monk began the quest for the Orb.
     0 | D:1      | Reached XP level 1. HP: 22/22 MP: 0/0
   282 | D:1      | Reached XP level 2. HP: 29/29 MP: 1/1
   370 | D:1      | Reached skill level 3 in Maces & Flails
   988 | D:2      | Reached XP level 3. HP: 16/36 MP: 2/2
  1149 | D:2      | Reached XP level 4. HP: 33/44 MP: 3/3
  1184 | D:2      | Noticed Robin
  1257 | D:2      | Killed Robin
  1755 | D:3      | Reached skill level 4 in Maces & Flails
  1789 | D:3      | Noticed Terence
  1820 | D:3      | Killed Terence
  1821 | D:3      | Reached XP level 5. HP: 31/53 MP: 4/4
  1977 | D:3      | Found a shimmering blue altar of Sif Muna.
  2017 | D:3      | Found a sparkling altar of Nemelex Xobeh.
  2026 | D:3      | Noticed Natasha
  2033 | D:3      | Killed Natasha
  2113 | D:3      | Noticed Natasha
  2137 | D:3      | Killed Natasha
  2142 | D:3      | Noticed Natasha
  2170 | D:3      | Killed Natasha
  2173 | D:3      | Reached XP level 6. HP: 32/61 MP: 5/5
  2515 | D:3      | Found a shadowy altar of Dithmenos.
  2603 | D:4      | Reached skill level 5 in Maces & Flails
  2691 | D:4      | Noticed Edmund
  2752 | D:4      | Slain by Edmund

Illustrated notes

Levels and vault maps discovered:
D:1:      nzn_arrival_water_spiral, layout_loops_ring,
          chequers_serial_rivers_marsh, hex_tiny
D:2:      layout_basic, minmay_lizard_king, uniq_robin
D:3:      layout_rooms, nicolae_overflow_hidden_temple,
          mainiacjoe_overflow_catwalk_spiral, lightli_sewer_entry_pipes,
          uniq_natasha, uniq_terence
D:4:      layout_rooms, mainiacjoe_overflow_24_doors, temple_green, uniq_edmund

Skill      XL: |  1  2  3  4  5  6 |
---------------+-------------------+-----
Maces & Flails | 3 4 5 |  5.0
Fighting       | 3 |  3.5
Dodging        | 3 |  3.6
Stealth        | |  1.1

Action                   |  1- 3 |  4- 6 || total
-------------------------+-------+-------++-------
Melee: Mace              |   116 |   249 ||   365
       Punch             |     1 |     3 ||     4
 Stab: Sleeping          |       |     1 ||     1
Armor: Robe              |    52 |     8 ||    60
       Skin              |       |    53 ||    53
Dodge: Dodged            |    94 |   200 ||   294
